AoeStats
← LavishlyMoist

Oasis

509846242Analyzed
3v3 RM · 3d ago on Sep 28, 2026· 54m 58s· 6 players
Game mode
Random Map
Map size
Normal (6 player)
Population
200
Speed
Normal
Resources
Standard
Victory
Conquest
Starting age
Dark Age
Ending age
Imperial Age
RankedLock teamsTeams togetherTeam positionsShared explorationLock speedFull tech treeHidden civsTurbo modeCheats
Victory
Defeat
🇦🇺 Danes · Australia
1470
+9
🇦🇺 Varangians · Australia
1178
+20
🇦🇺 Ethiopians · Australia
1177
+19
🇦🇷 Ethiopians · Argentina
1352
-19
🇩🇪 Persians · Germany
1250
-15
🇹🇷 Franks · Türkiye
1237
-14
Kwisatz Haderach
6:55 Loom
9:28 Feudal Age
9:56 Double-Bit Axe
11:14 Horse Collar
16:49 Castle Age
18:08 Scale Mail Armor
18:45 Squires
28:34 Chain Mail Armor
30:14 Forging
30:15 Fletching
31:36 Iron Casting
32:40 Bodkin Arrow
41:13 Imperial Age
38:47 Gambesons
41:17 Wheelbarrow
40:42 Arson
41:16 Elite Varangian Guard
41:41 Hamask
42:49 Conscription
43:49 Plate Mail Armor
45:45 Blast Furnace
46:01 Bow Saw
45:56 Heavy Plow
45:48 Gold Mining
45:50 Stone Mining
SkibidiBanditSlayer
7:03 Loom
9:52 Feudal Age
10:28 Double-Bit Axe
12:15 Horse Collar
14:59 Bloodlines
17:22 Scale Barding Armor
18:48 Wheelbarrow
20:21 Town Watch
24:10 Castle Age
23:01 Gold Mining
23:50 Forging
25:18 Chain Barding Armor
26:35 Iron Casting
30:21 Fletching
32:32 Husbandry
35:40 Stone Mining
42:25 Imperial Age
40:59 Scale Mail Armor
42:15 Chain Mail Armor
42:59 Bow Saw
44:10 Plate Mail Armor
46:51 Gothikon
47:45 Elite Varangian Guard
50:07 Squires
49:46 Elite Skirmisher
50:54 Gothikon
LavishlyMoist
2:49 Loom
13:47 Feudal Age
14:16 Double-Bit Axe
14:45 Horse Collar
22:06 Fletching
22:20 Padded Archer Armor
28:00 Castle Age
28:05 Crossbowman
30:22 Heavy Plow
31:07 Bodkin Arrow
33:56 Wheelbarrow
39:19 Ballistics
50:03 Elite Skirmisher
Frosty
11:11 Feudal Age
9:32 Loom
11:18 Feudal Age
12:23 Double-Bit Axe
14:06 Forging
14:02 Scale Barding Armor
20:38 Castle Age
22:55 Wheelbarrow
22:18 Gold Mining
22:41 Bow Saw
23:12 Iron Casting
32:36 Chain Barding Armor
35:07 Gold Shaft Mining
36:06 Stone Mining
37:09 Husbandry
41:01 Imperial Age
38:48 Hand Cart
38:18 Town Watch
39:14 Ordonnance Companies
39:48 Fletching
39:59 Padded Archer Armor
40:39 Bodkin Arrow
41:05 Cavalier
43:13 Blast Furnace
42:49 Plate Barding Armor
42:30 Leather Archer Armor
42:19 Chivalry
42:59 Heavy Mounted Crossbowman
43:11 Cranequins
44:38 Ballistics
45:18 Conscription
Agus Talleres 2
5:38 Loom
9:00 Feudal Age
9:57 Double-Bit Axe
11:49 Fletching
14:59 Padded Archer Armor
22:26 Castle Age
20:27 Gold Mining
20:47 Horse Collar
22:31 Crossbowman
23:07 Bodkin Arrow
23:47 Bow Saw
24:45 Ballistics
29:12 Thumb Ring
31:55 Gold Shaft Mining
36:33 Imperial Age
34:43 Wheelbarrow
36:04 Leather Archer Armor
36:36 Arbalester
37:17 Bracer
38:10 Ring Archer Armor
39:08 Chemistry
42:31 Two-Man Saw
41:43 Forging
41:33 Scale Mail Armor
42:59 Halberdier
44:15 Iron Casting
44:26 Conscription
45:15 Squires
45:01 Arson
48:13 Elite Shotel Warrior
49:55 Blast Furnace
49:10 Chain Mail Armor
Kirara
7:49 Loom
8:24 Loom
10:26 Feudal Age
11:18 Double-Bit Axe
14:30 Wheelbarrow
13:46 Horse Collar
19:03 Castle Age
18:27 Gold Mining
19:58 Hand Cart
20:17 Bloodlines
20:15 Scale Barding Armor
20:40 Forging
22:42 Chain Barding Armor
25:19 Husbandry
26:03 Light Cavalry
32:26 Gold Shaft Mining
33:21 Heavy Plow
33:38 Bow Saw
34:16 Stone Mining
40:04 Imperial Age
45:02 Cavalier
48:52 Plate Barding Armor
51:45 Crop Rotation
52:17 Two-Man Saw
52:18 Iron Casting
Connection lost

Rejoining the realm…

Still unreachable

The connection could not be restored.

Session expired

The server has moved on; the page needs a fresh start.